AoeStats
← Dengueツ

Arabia

505367745Analyzed
2v2 RM · 24d ago on Sep 9, 2026· 42m 19s· 4 players
Game mode
Random Map
Map size
Medium (4 player)
Population
200
Speed
Normal
Resources
Standard
Victory
Conquest
Starting age
Dark Age
Ending age
Imperial Age
RankedLock teamsTeams togetherTeam positionsShared explorationLock speedFull tech treeHidden civsTurbo modeCheats
Victory
Defeat
🇦🇷 Franks · Argentina
926
+15
🇦🇷 Britons · Argentina
898
+16
🇦🇷 Mongols · Argentina
910
-15
🇦🇷 Spanish · Argentina
902
-16
Miyagi - El abuelo
7:36 Loom
9:57 Feudal Age
11:12 Double-Bit Axe
16:23 Castle Age
18:05 Bloodlines
18:13 Scale Barding Armor
19:02 Horse Collar
25:42 Elite Skirmisher
26:22 Fletching
31:53 Bodkin Arrow
31:59 Padded Archer Armor
35:42 Wheelbarrow
36:58 Wheelbarrow
36:55 Scale Mail Armor
37:11 Leather Archer Armor
40:22 Thumb Ring
41:29 Squires
40:52 Pikeman
Dengueツ
10:26 Feudal Age
11:16 Horse Collar
11:24 Double-Bit Axe
14:22 Wheelbarrow
17:48 Castle Age
19:21 Hand Cart
19:36 Bow Saw
19:41 Stone Mining
24:43 Forging
24:38 Scale Barding Armor
26:37 Chain Barding Armor
30:43 Iron Casting
30:54 Husbandry
[Vsh]-BilShit™
0:26 Loom
12:39 Feudal Age
15:35 Double-Bit Axe
17:52 Castle Age
17:42 Forging
17:56 Fletching
18:32 Crossbowman
21:12 Padded Archer Armor
25:04 Bodkin Arrow
25:47 Iron Casting
26:35 Pikeman
28:01 Leather Archer Armor
28:20 Bow Saw
28:49 Scale Mail Armor
30:03 Chain Mail Armor
42:27 Imperial Age
[Vsh]-WinZerdo
3:15 Loom
11:22 Feudal Age
17:59 Castle Age
15:49 Double-Bit Axe
19:50 Bow Saw
20:04 Scale Barding Armor
20:42 Wheelbarrow
24:02 Husbandry
26:06 Chain Barding Armor
27:11 Hand Cart
27:49 Gold Mining
29:29 Forging
34:47 Imperial Age
32:50 Elite Skirmisher
35:11 Fletching
35:47 Ballistics
36:35 Chemistry
36:58 Conscription
36:47 Cavalier
40:08 Paladin
42:10 Plate Barding Armor
42:21 Gold Shaft Mining
Connection lost

Rejoining the realm…

Still unreachable

The connection could not be restored.

Session expired

The server has moved on; the page needs a fresh start.